AAA EAST
MEMPHIS REDBIRDS @ BUFFALO BISONS
07/23/2041
 
TOP OF THE 1ST
Memphis Redbirds batting - Pitching for Buffalo Bisons : RHP Ben Skinner
Pitching: RHP Ben Skinner
Batting: LHB Cisco Chávez 0-0: Called Strike
0-1: Ball
1-1: Foul Ball, location: 3FF
1-2: Ground out U3 (Groundball, 3, EV 82.5 MPH)
Batting: RHB António Valentín 0-0: Called Strike
0-1: Called Strike
0-2: DOUBLE (Line Drive, 78XD, EV 98.1 MPH)
Batting: LHB Mike O'Halloran 0-0: Ball
António Valentín steals 3rd base
1-0: Ball
2-0: Ball
3-0: Ground out U3 (Groundball, 3, EV 80.6 MPH)
Batting: LHB Ben King 0-0: Ground out 6-3 (Groundball, 6, EV 102.5 MPH)
Top of the 1st over - 0 runs, 1 hit, 0 errors, 1 left on base; Memphis 0 - Buffalo 0
BOTTOM OF THE 1ST
Buffalo Bisons batting - Pitching for Memphis Redbirds : RHP Chip Fitzsymons
Pitching: RHP Chip Fitzsymons
Batting: RHB Sergio Romero 0-0: Fly out, F8 (Flyball, 89D, EV 87.5 MPH)
Batting: RHB José Gutiérrez 0-0: Ball
1-0: SINGLE (Flyball, 9S, EV 98.1 MPH)
Batting: SHB Eustachio Tucci 0-0: Ball
José Gutiérrez steals 2nd base (no throw)
1-0: Called Strike
1-1: Swinging Strike
1-2: Ball
2-2: Ball
3-2: Base on Balls
Batting: RHB Jorge Gutiérrez 0-0: Ball
1-0: Called Strike
1-1: Called Strike
1-2: Ball
2-2: Ball
3-2: Base on Balls
José Gutiérrez to third
Eustachio Tucci to second
Batting: LHB Mike Deal 0-0: Ball
1-0: Ball
2-0: Ball
3-0: Foul Ball, location: 3SF
3-1: Foul Ball, location: 2F
3-2: Base on Balls
José Gutiérrez scores
Eustachio Tucci to third
Jorge Gutiérrez to second
Batting: RHB Jeff Jones 0-0: Ball
1-0: Foul Ball, location: 9LMF
1-1: Ball
2-1: Called Strike
2-2: Ball
3-2: Strikes out looking
Batting: RHB Raúl Peña 0-0: Ball
1-0: SINGLE (Line Drive, 34D, EV 93.8 MPH)
Eustachio Tucci scores
Jorge Gutiérrez to third
Mike Deal to second
Runner from 3rd tries for Home, SAFE, throw by RF to home
Batting: RHB Raúl Ramírez 0-0: Ball
1-0: Ball
2-0: Ball
3-0: Called Strike
3-1: Base on Balls
Mike Deal to third
Raúl Peña to second
Batting: RHB Hisashi Taniguchi 0-0: Called Strike
0-1: Called Strike
0-2: Foul Ball, location: 23FF
0-2: Ball
1-2: Foul Ball, location: 2F
1-2: Ball
2-2: Ball
3-2: Foul Ball, location: 3F
3-2: Base on Balls
Mike Deal scores
Raúl Peña to third
Raúl Ramírez to second
Batting: RHB Sergio Romero 0-0: Ball
1-0: Ball
2-0: Ball
3-0: Called Strike
3-1: Foul Ball, location: 2F
3-2: Foul Ball, location: 2F
3-2: Base on Balls
Raúl Peña scores
Raúl Ramírez to third
Hisashi Taniguchi to second
Batting: RHB José Gutiérrez 0-0: Ball
1-0: Foul Ball, location: 3SF
1-1: Reaches on Catchers interference
Raúl Ramírez scores
Hisashi Taniguchi to third
Sergio Romero to second
Pitching: RHP Steve Foster
Batting: SHB Eustachio Tucci 0-0: Foul Ball, location: 9LDF
0-1: Ground out 4-3 (Groundball, 34, EV 81.3 MPH)
Bottom of the 1st over - 6 runs, 2 hits, 1 error, 3 left on base; Memphis 0 - Buffalo 6
TOP OF THE 2ND
Memphis Redbirds batting - Pitching for Buffalo Bisons : RHP Ben Skinner
Batting: SHB Tim Wilson 0-0: Ball
1-0: Ball
2-0: Fly out, F6 (Popup, P, EV 77.5 MPH)
Batting: SHB Scotty McCauley 0-0: Swinging Strike
0-1: Foul Ball, location: 2F
0-2: Strikes out swinging
Batting: RHB Edwin Jackson 0-0: Called Strike
0-1: Ball
1-1: SINGLE (Groundball, 23, EV 71.9 MPH) (infield hit)
Batting: LHB Gervasio Fulda 0-0: Called Strike
0-1: Swinging Strike
0-2: Foul Ball, location: 2F
0-2: Ball
Edwin Jackson is caught stealing 2nd base 2-6
Top of the 2nd over - 0 runs, 1 hit, 0 errors, 0 left on base; Memphis 0 - Buffalo 6
BOTTOM OF THE 2ND
Buffalo Bisons batting - Pitching for Memphis Redbirds : RHP Steve Foster
Batting: RHB Jorge Gutiérrez 0-0: Swinging Strike
0-1: Ball
1-1: Ball
2-1: Called Strike
2-2: Ball
3-2: Base on Balls
Batting: LHB Mike Deal 0-0: Called Strike
0-1: SINGLE (Line Drive, 4D, EV 98.1 MPH)
Jorge Gutiérrez to second
Batting: RHB Jeff Jones 0-0: Fly out, F9 (Flyball, 89S, EV 88.1 MPH)
Batting: RHB Raúl Peña 0-0: Ball
1-0: Ball
2-0: Called Strike
2-1: Ball
3-1: Base on Balls
Jorge Gutiérrez to third
Mike Deal to second
Batting: RHB Raúl Ramírez 0-0: Ball
1-0: Ball
2-0: Fly out, F7 (Flyball, 78S, EV 87.5 MPH)
Batting: RHB Hisashi Taniguchi 0-0: Ball
1-0: Ball
2-0: Ball
3-0: Called Strike
3-1: Foul Ball, location: 9LSF
3-2: Foul Ball, location: 2F
3-2: Foul Ball, location: 9LSF
3-2: Strikes out looking
Bottom of the 2nd over - 0 runs, 1 hit, 0 errors, 3 left on base; Memphis 0 - Buffalo 6
TOP OF THE 3RD
Memphis Redbirds batting - Pitching for Buffalo Bisons : RHP Ben Skinner
Batting: LHB Gervasio Fulda 0-0: Ground out U3 (Groundball, 3, EV 95.6 MPH)
Batting: RHB David Pacheco 0-0: Ball
1-0: Ground out 6-3 (Groundball, 6S, EV 85.6 MPH)
Batting: LHB Cisco Chávez 0-0: Called Strike
0-1: Swinging Strike
0-2: Ball
1-2: Ball
2-2: Strikes out swinging
Top of the 3rd over - 0 runs, 0 hits, 0 errors, 0 left on base; Memphis 0 - Buffalo 6
BOTTOM OF THE 3RD
Buffalo Bisons batting - Pitching for Memphis Redbirds : RHP Steve Foster
Batting: RHB Sergio Romero 0-0: Called Strike
0-1: Ball
1-1: TRIPLE (Flyball, 89XD, EV 108.8 MPH)
Batting: RHB José Gutiérrez 0-0: Called Strike
0-1: Ball
1-1: Ball
2-1: Foul Ball, location: 25F
2-2: Ground out 6-3 (Groundball, 6, EV 89.4 MPH)
Sergio Romero scores
Batting: SHB Eustachio Tucci 0-0: Called Strike
0-1: Swinging Strike
0-2: Strikes out looking
Batting: RHB Jorge Gutiérrez 0-0: Fly out, F8 (Flyball, 8RXD, EV 110.0 MPH)
Bottom of the 3rd over - 1 run, 1 hit, 0 errors, 0 left on base; Memphis 0 - Buffalo 7
TOP OF THE 4TH
Memphis Redbirds batting - Pitching for Buffalo Bisons : RHP Ben Skinner
Batting: RHB António Valentín 0-0: Called Strike
0-1: Ball
1-1: Ball
2-1: Foul Ball, location: 2F
2-2: Foul Ball, location: 5F
2-2: Strikes out looking
Batting: LHB Mike O'Halloran 0-0: Ball
1-0: Ball
2-0: SINGLE (Line Drive, 78S, EV 109.4 MPH)
Batting: LHB Ben King 0-0: Called Strike
0-1: Called Strike
0-2: Grounds into double play, 4-6-3 (Groundball, 4, EV 87.5 MPH)
Top of the 4th over - 0 runs, 1 hit, 0 errors, 0 left on base; Memphis 0 - Buffalo 7
BOTTOM OF THE 4TH
Buffalo Bisons batting - Pitching for Memphis Redbirds : RHP Steve Foster
Batting: LHB Mike Deal 0-0: Fly out, F9 (Line Drive, 89M, EV 95.6 MPH)
Batting: RHB Jeff Jones 0-0: Fly out, F8 (Flyball, 8LD, EV 109.4 MPH)
Batting: RHB Raúl Peña 0-0: Swinging Strike
0-1: Called Strike
0-2: Ball
1-2: Strikes out swinging
Bottom of the 4th over - 0 runs, 0 hits, 0 errors, 0 left on base; Memphis 0 - Buffalo 7
TOP OF THE 5TH
Memphis Redbirds batting - Pitching for Buffalo Bisons : RHP Ben Skinner
Batting: SHB Tim Wilson 0-0: Ball
1-0: Called Strike
1-1: Ground out 6-3 (Groundball, 6, EV 88.8 MPH)
Batting: SHB Scotty McCauley 0-0: Called Strike
0-1: Ball
1-1: Ball
2-1: Swinging Strike
2-2: Ball
3-2: Base on Balls
Batting: RHB Edwin Jackson 0-0: Ball
1-0: Ball
2-0: Foul Ball, location: 25F
2-1: Grounds into double play, 6-4-3 (Groundball, 6, EV 88.8 MPH)
Top of the 5th over - 0 runs, 0 hits, 0 errors, 0 left on base; Memphis 0 - Buffalo 7
BOTTOM OF THE 5TH
Buffalo Bisons batting - Pitching for Memphis Redbirds : RHP Steve Foster
Batting: RHB Raúl Ramírez 0-0: Called Strike
0-1: Called Strike
0-2: Foul Ball, location: 23FF
0-2: Ground out 6-3 (Groundball, 56, EV 88.8 MPH)
Batting: RHB Hisashi Taniguchi 0-0: Fly out, F7 (Line Drive, 7LM, EV 90.0 MPH)
Batting: RHB Sergio Romero 0-0: Ball
1-0: Foul Ball, location: 2RF
1-1: Ground out 4-3 (Groundball, 4, EV 85.0 MPH)
Bottom of the 5th over - 0 runs, 0 hits, 0 errors, 0 left on base; Memphis 0 - Buffalo 7
TOP OF THE 6TH
Memphis Redbirds batting - Pitching for Buffalo Bisons : RHP Ben Skinner
Batting: LHB Gervasio Fulda 0-0: Ball
1-0: Called Strike
1-1: Ball
2-1: DOUBLE (Line Drive, 8RD, EV 105.6 MPH)
Batting: RHB David Pacheco 0-0: Ball
1-0: Called Strike
1-1: Swinging Strike
1-2: Strikes out looking
Batting: LHB Cisco Chávez 0-0: Ball
1-0: Foul Ball, location: 5F
1-1: Ball
2-1: Ball
3-1: Swinging Strike
3-2: SINGLE (Line Drive, 56, EV 105.0 MPH)
Gervasio Fulda to third
Batting: RHB António Valentín 0-0: Ball
1-0: Called Strike
Cisco Chávez steals 2nd base (no throw)
1-1: Ball
2-1: Foul Ball, location: 5F
2-2: Ground out 6-3 (Groundball, 6M, EV 83.1 MPH)
Gervasio Fulda scores
Batting: LHB Mike O'Halloran 0-0: Fly out, F9 (Flyball, 89M, EV 94.4 MPH)
Top of the 6th over - 1 run, 2 hits, 0 errors, 1 left on base; Memphis 1 - Buffalo 7
BOTTOM OF THE 6TH
Buffalo Bisons batting - Pitching for Memphis Redbirds : RHP Steve Foster
Batting: RHB José Gutiérrez 0-0: Fly out, F8 (Flyball, 8LD, EV 106.9 MPH)
Batting: SHB Eustachio Tucci 0-0: Called Strike
0-1: Foul Ball, location: 5SF
0-2: Ball
1-2: Ball
2-2: Foul Ball, location: 2F
2-2: Ball
3-2: Base on Balls
Pitching: RHP Daniel Bulseco
Batting: RHB Jorge Gutiérrez 0-0: Ball
1-0: Ball
2-0: Ball
3-0: Base on Balls
Eustachio Tucci to second
Batting: LHB Mike Deal 0-0: Called Strike
0-1: Called Strike
0-2: Ball
1-2: Foul Ball, location: 2F
1-2: Foul Ball, location: 25FF
1-2: Ground out U3 (Groundball, 3S, EV 68.1 MPH)
Eustachio Tucci to third
Jorge Gutiérrez to second
Batting: RHB Jeff Jones 0-0: Ground out 5-3 (Groundball, 56, EV 98.8 MPH)
Bottom of the 6th over - 0 runs, 0 hits, 0 errors, 2 left on base; Memphis 1 - Buffalo 7
TOP OF THE 7TH
Memphis Redbirds batting - Pitching for Buffalo Bisons : RHP Ben Skinner
Batting: LHB Ben King 0-0: Ball
1-0: Called Strike
1-1: Ball
2-1: Called Strike
2-2: Ball
3-2: Foul Ball, location: 9LMF
3-2: Foul Ball, location: 9LSFF
3-2: SINGLE (Groundball, 6D, EV 99.4 MPH)
Batting: SHB Tim Wilson 0-0: Called Strike
0-1: Ball
1-1: Called Strike
1-2: Strikes out swinging
Batting: SHB Scotty McCauley 0-0: Foul Ball, location: 2F
0-1: SINGLE (Groundball, 34D, EV 110.6 MPH)
Ben King to second
Runner from 2nd tries for 3rd, OUT! 9-5
Scotty McCauley to second
Batting: RHB Edwin Jackson 0-0: Called Strike
0-1: Called Strike
0-2: Reached on error, E6 (Groundball, 56, EV 81.3 MPH)
Scotty McCauley to third
Batting: LHB Gervasio Fulda 0-0: SINGLE (Groundball, 6MD, EV 108.1 MPH)
Scotty McCauley scores
Edwin Jackson to second
Runner from 2nd tries for 3rd, SAFE, throw by CF made at trailing runner, OUT! 8-4
Top of the 7th over - 1 run, 3 hits, 1 error, 1 left on base; Memphis 2 - Buffalo 7
BOTTOM OF THE 7TH
Buffalo Bisons batting - Pitching for Memphis Redbirds : RHP Daniel Bulseco
Batting: RHB Raúl Peña 0-0: Called Strike
0-1: Called Strike
0-2: Fly out, F9 (Flyball, 9, EV 92.5 MPH)
Batting: RHB Raúl Ramírez 0-0: Called Strike
0-1: Ball
1-1: Ball
2-1: Called Strike
2-2: Strikes out swinging
Batting: RHB Hisashi Taniguchi 0-0: Called Strike
0-1: Swinging Strike
0-2: Ball
1-2: Fly out, F4 (Flyball, 34D, EV 91.9 MPH)
Bottom of the 7th over - 0 runs, 0 hits, 0 errors, 0 left on base; Memphis 2 - Buffalo 7
TOP OF THE 8TH
Memphis Redbirds batting - Pitching for Buffalo Bisons : RHP Ben Skinner
Batting: RHB David Pacheco 0-0: Called Strike
0-1: DOUBLE (Line Drive, 9LM, EV 91.9 MPH)
Pitching: LHP Rubén Mendoza
Pinch Hitting: RHB Gilberto García 0-0: Foul Ball, location: 2F
0-1: Swinging Strike
0-2: Strikes out swinging
Batting: RHB António Valentín 0-0: Ball
1-0: Ball
2-0: Ball
3-0: Called Strike
3-1: SINGLE (Groundball, 34S, EV 68.8 MPH) (infield hit)
David Pacheco to third
Batting: LHB Mike O'Halloran 0-0: Ball
1-0: Ball
2-0: Ball
3-0: Foul Ball, location: 2F
3-1: Base on Balls
António Valentín to second
Batting: LHB Ben King 0-0: Called Strike
0-1: Called Strike
0-2: Strikes out swinging
Batting: SHB Tim Wilson 0-0: Ball
1-0: Called Strike
1-1: Foul Ball, location: 23F
1-2: Ground out 1-3 (Groundball, 34S, EV 66.9 MPH)
Top of the 8th over - 0 runs, 2 hits, 0 errors, 3 left on base; Memphis 2 - Buffalo 7
BOTTOM OF THE 8TH
Buffalo Bisons batting - Pitching for Memphis Redbirds : RHP Daniel Bulseco
Now in LF: Cristián Suárez
Now in CF: Scotty McCauley
Batting: RHB Sergio Romero 0-0: Ball
1-0: SINGLE (Line Drive, 9S, EV 101.9 MPH)
Batting: RHB José Gutiérrez 0-0: Ball
Sergio Romero is caught stealing 2nd base 2-4
1-0: Fly out, F9 (Flyball, 9LD, EV 106.3 MPH)
Batting: SHB Eustachio Tucci 0-0: Ball
1-0: Ball
2-0: Called Strike
2-1: Foul Ball, location: 7LDF
2-2: Foul Ball, location: 3F
2-2: Ball
3-2: Foul Ball, location: 7LDF
3-2: Foul Ball, location: 2F
3-2: Ground out U3 (Groundball, 34S, EV 70.6 MPH)
Bottom of the 8th over - 0 runs, 1 hit, 0 errors, 0 left on base; Memphis 2 - Buffalo 7
TOP OF THE 9TH
Memphis Redbirds batting - Pitching for Buffalo Bisons : LHP Rubén Mendoza
Batting: SHB Scotty McCauley 0-0: Ball
1-0: Ball
2-0: Foul Ball, location: 2F
2-1: Foul Ball, location: 3FF
2-2: Ground out 5-3 (Groundball, 56S, EV 80.6 MPH)
Batting: RHB Edwin Jackson 0-0: Called Strike
0-1: Ball
1-1: Ground out 5-3 (Groundball, 56S, EV 87.5 MPH)
Batting: LHB Gervasio Fulda 0-0: Called Strike
0-1: Ball
1-1: Swinging Strike
1-2: Ball
2-2: Foul Ball, location: 2F
2-2: Foul Ball, location: 7LMF
2-2: Strikes out swinging
Top of the 9th over - 0 runs, 0 hits, 0 errors, 0 left on base; Memphis 2 - Buffalo 7
Monday, April 1st , 2024 - OOTP Baseball 24.10 Build 82